 Dungeon Crawl Stone Soup version 0.27-a0-668-gb5737ff2c0 (webtiles) character file.

Game seed: 9935434965974971200

22568 rageheart7 the Protected (level 13, -1/73 HPs)
             Began as a Gargoyle Earth Elementalist on Mar 17, 2021.
             Was a High Priest of Vehumet.
             Slain by a titanic slime creature (63 damage)
             ... on level 13 of the Dungeon.
             The game lasted 00:45:37 (14962 turns).

rageheart7 the Protected (GrEE)                    Turns: 14962, Time: 00:45:40

Health: -1/73      AC: 26    Str: 12    XL:     13   Next: 1%
Magic:  1/27       EV: 11    Int: 27    God:    Vehumet [*****.]
Gold:   653        SH:  0    Dex: 18    Spells: 5/33 levels left

rFire    . . .     SeeInvis .   f - +3 long sword (protect)
rCold    . . .     Faith    .   (no shield)
rNeg     + . .     Spirit   .   c - +0 acid dragon scales
rPois    ∞         Reflect  .   (no helmet)
rElec    +         Harm     .   x - scarf {shadows}
rCorr    +         Rampage  .   o - +2 pair of gloves
Will     .....                  y - +0 pair of boots
Stlth    ++........             t - amulet of magic regeneration
HPRegen  0.22/turn              g - +6 ring of intelligence
MPRegen  0.45/turn              G - +6 ring of dexterity

@: no status effects
A: AC +9, negative energy resistance 1, electricity resistance, torment
resistance 1, unbreathing 1, petrification resistance, yellow scales 1, agile 1,
MP-powered wands
a: Renounce Religion


You were on level 13 of the Dungeon.
You worshipped Vehumet.
Vehumet was extremely pleased with you.
You visited 2 branches of the dungeon, and saw 14 of its levels.

You collected 653 gold pieces.

Inventory:

Hand Weapons
 f - a +3 long sword of protection (weapon)
 z - a +0 triple sword of holy wrath
 A - a +4 dire flail of freezing
 B - a +3 morningstar
Missiles
 D - 50 stones
Armour
 c - +0 acid dragon scales (worn)
 o - a +2 pair of gloves (worn)
 x - a scarf of shadows (worn)
 y - a +0 pair of boots (worn)
 C - a +10 plate armour of ponderousness
Magical Staves
 N - a staff of cold
Jewellery
 g - a +6 ring of intelligence (right hand)
 j - a +4 ring of evasion
 t - an amulet of magic regeneration (around neck)
 G - a +6 ring of dexterity (left hand)
 H - a ring of willpower
 I - an amulet of reflection
 J - an amulet of guardian spirit
Wands
 k - a wand of digging (4)
 s - a wand of acid (12)
 w - a wand of random effects (14)
 F - a wand of mindburst (21)
Scrolls
 a - 6 scrolls of teleportation
 l - 7 scrolls of identify
 m - a scroll of silence
 n - a scroll of magic mapping
 r - a scroll of fear
 u - a scroll of blinking
 M - a scroll of summoning
Potions
 b - a potion of magic
 d - 3 potions of curing
 e - 3 potions of flight
 h - 2 potions of lignification
 i - 2 potions of resistance
 p - 2 potions of mutation
 q - a potion of attraction
 E - a potion of haste
Miscellaneous
 L - a lightning rod (4/4)


   Skills:
 - Level 5.5 Fighting
 * Level 14.8 Armour
 - Level 1.5 Dodging
 - Level 2.1 Stealth
 - Level 10.8 Spellcasting
 - Level 1.0 Conjurations
 - Level 0.7 Transmutations
 * Level 6.1 Fire Magic
 - Level 14.5 Earth Magic


You had 5 spell levels left.
You knew the following spells:

 Your Spells              Type           Power      Damage    Failure   Level
a - Sandblast             Erth           100%       2d20      0%          1
b - Stone Arrow           Conj/Erth      100%       3d13      1%          3
c - Petrify               Tmut/Erth      54%        N/A       2%          4
d - Lee's Rapid Deconstr  Erth           37%        3d20*     1%          5
e - Blink                 Tloc           N/A        N/A       8%          2
f - Passwall              Tmut/Erth      45%        N/A       1%          2
g - Fireball              Conj/Fire      17%        3d9       9%          5
h - Starburst             Conj/Fire      17%        8x6d6     41%         6

Your spell library contained the following spells:

 Spells                   Type           Power      Damage    Failure   Level
 Foxfire                  Conj/Fire      100%       2x1d9     1%          1
 Magic Dart               Conj           80%        1d7       1%          1
 Conjure Flame            Conj/Fire      34%        6-21      1%          3
 Inner Flame              Hex/Fire       31%        N/A       1%          3
 Sticky Flame             Conj/Fire      34%        2d5       3%          4
 Mephitic Cloud           Conj/Pois/Air  16%        N/A       4%          3
 Animate Skeleton         Necr           28%        N/A       5%          1
 Apportation              Tloc           28%        N/A       5%          1
 Corona                   Hex            15%        N/A       5%          1
 Summon Small Mammal      Summ           56%        N/A       5%          1
 Call Imp                 Summ           14%        N/A       8%          2
 Slow                     Hex            14%        N/A       8%          2
 Confusing Touch          Hex            14%        N/A       16%         3
 Gell's Gravitas          Tloc           7%         N/A       16%         3
 Yara's Violent Unravell  Hex/Tmut       8%         3d5       30%         5
 Metabolic Englaciation   Hex/Ice        7%         N/A       82%         5


Dungeon Overview and Level Annotations

Branches:
Dungeon (13/15)            Temple (1/1) D:6            Lair (0/6) D:8
    Orc (0/2) D:9
 Vaults: D:13-14

Altars:
Ashenzari
Cheibriados
Dithmenos
Elyvilon
Fedhas
Gozag
Hepliaklqana
Kikubaaqudgha
Makhleb
Nemelex Xobeh
Okawaru
Qazlal
Ru
Sif Muna
Trog
Uskayaw
Vehumet
Wu Jian
Xom
Yredelemnul
Zin
The Shining One
Beogh


Innate Abilities, Weirdness & Mutations

Your stone body is resilient. (AC +9)
You are immune to poison.
You resist negative energy. (rN+)
You are resistant to electric shocks. (rElec)
You are resistant to unholy torment.
You can survive without breathing.
You are immune to petrification.
You are partially covered in yellow scales. (AC +2)
You are agile. (Dex +2)
You expend magic power (3 MP) to strengthen your wands.


Message History

Aim: a titanic slime creature (moderately wounded, 5% to evade)
The stone arrow hits the titanic slime creature!!
The titanic slime creature is heavily wounded.
The titanic slime creature hits you!
Casting: Stone Arrow (safe; 1% risk of failure)
Confirm with . or Enter, or press ? or * to list all spells.
Aiming: Stone Arrow (safe; 1% risk of failure)
Press: ? - help, Shift-Dir - straight line, f/p - titanic slime creature
Aim: a titanic slime creature (moderately wounded, 5% to evade)
The stone arrow hits the titanic slime creature!!
The titanic slime creature is heavily wounded.
The titanic slime creature closely misses you.
Casting: Stone Arrow (safe; 1% risk of failure)
Confirm with . or Enter, or press ? or * to list all spells.
Aiming: Stone Arrow (safe; 1% risk of failure)
Press: ? - help, Shift-Dir - straight line, f/p - titanic slime creature
Aim: a titanic slime creature (heavily wounded, 5% to evade)
The stone arrow hits the titanic slime creature!
The titanic slime creature is heavily wounded.
A titanic slime creature splits.
A very large slime creature splits.
Two slime creatures merge to form a very large slime creature.
A slime creature suddenly becomes a titanic slime creature.
Casting: Stone Arrow (safe; 1% risk of failure)
Confirm with . or Enter, or press ? or * to list all spells.
Aiming: Stone Arrow (safe; 1% risk of failure)
Press: ? - help, Shift-Dir - straight line, f/p - titanic slime creature
Aim: a titanic slime creature (heavily wounded, 5% to evade)
The stone arrow hits the titanic slime creature!
The titanic slime creature is heavily wounded.
Casting: Stone Arrow (safe; 1% risk of failure)
Confirm with . or Enter, or press ? or * to list all spells.
Aiming: Stone Arrow (safe; 1% risk of failure)
Press: ? - help, Shift-Dir - straight line, f/p - titanic slime creature
Aim: a titanic slime creature (heavily wounded, 5% to evade)
The stone arrow hits the titanic slime creature!!
The titanic slime creature is heavily wounded.
The titanic slime creature hits you!!!
Ouch! That really hurt!
You die...

#.. ##+#### ####.###
#.....# #......#
####.....# #......#
##..'.....#
#......#####..##.).>.+
#......#.JJ@.###...††#
#...)....##### ####)##
#......### #.#
#......# #.###
###.#### #...# #...#
###)# #####.#####
######.## #.........#
#.......###
#.........#
###....<....#


You could see a titanic slime creature and a slime creature.

Vanquished Creatures
  2 hydras
  3 boulder beetles
  Erica (D:8)
  2 two-headed ogres (D:9)
  A wolf spider zombie (D:12)
  2 cyclopes (D:12)
  3 centaur zombies
  A gargoyle (D:11)
  A komodo dragon (D:12)
  A meliai (D:11)
  A hornet (D:8)
  4 trolls
  A shadow (D:12)
  29 yaks
  A tarantella (shapeshifter) (D:12)
  A vampire (D:11)
  A wyvern (D:12)
  8 vampire mosquitoes
  2 acid dragons
  3 ice beasts
  Duvessa (D:5)
  3 necrophages
  2 black bears
  7 orc warriors
  6 sky beasts
  6 ogres
  5 centaurs
  3 wolves (D:8)
  2 phantoms (D:9)
  A gnoll sergeant (D:9)
  6 bullfrogs
  A wyvern skeleton (D:7)
  4 scorpions
  Dowan (D:5)
  A water moccasin skeleton (D:5)
  18 killer bees
  18 wights
  2 electric eels (D:8)
  3 howler monkeys
  3 quasits
  8 hounds
  3 jellies
  11 orc priests
  2 bullfrog skeletons
  2 centaur skeletons
  11 orc wizards
  3 iguanas
  10 worker ants
  A killer bee zombie (D:8)
  2 human simulacra (D:12)
  2 hound skeletons
  A howler monkey skeleton (D:5)
  12 adders
  9 gnolls
  2 shadow imps (D:6)
  6 white imps
  An ooze (D:3)
  An adder skeleton (D:6)
  An adder zombie (D:5)
  3 worms
  A dart slug (D:1)
  4 leopard geckos
  51 orcs
  2 ball pythons
  4 giant cockroaches
  8 goblins
  6 hobgoblins
  7 jackals
  6 kobolds
  2 quokkas
  6 bats
  9 frilled lizards
  A jackal zombie (D:7)
  A leopard gecko zombie (D:7)
  A quokka skeleton (D:7)
  3 rats
364 creatures vanquished.

Notes
Turn   | Place    | Note
-------+----------+-------------------------------------------
     0 | D:1      | rageheart7 the Gargoyle Earth Elementalist began the quest
                  | for the Orb.
     0 | D:1      | Reached XP level 1. HP: 10/10 MP: 3/3
   125 | D:1      | Reached XP level 2. HP: 2/16 MP: 0/5
  1644 | D:2      | Reached XP level 3. HP: 20/20 MP: 3/6
  1920 | D:2      | Reached skill level 1 in Fighting
  2809 | D:3      | Reached XP level 4. HP: 5/25 MP: 3/7
  2818 | D:3      | Reached skill level 5 in Earth Magic
  3652 | D:3      | Found a blossoming altar of Fedhas.
  3664 | D:3      | Learned a level 3 spell: Stone Arrow
  3669 | D:3      | Learned a level 4 spell: Petrify
  3846 | D:4      | Reached XP level 5. HP: 21/29 MP: 6/9
  3942 | D:4      | Noticed an ogre
  3971 | D:4      | Found a bloodstained altar of Trog.
  3980 | D:4      | Killed an ogre
  3981 | D:4      | Reached XP level 6. HP: 29/35 MP: 2/11
  4666 | D:5      | Entered Level 5 of the Dungeon
  5101 | D:5      | Noticed a black bear
  5115 | D:5      | Killed a black bear
  5116 | D:5      | Reached XP level 7. HP: 38/40 MP: 3/13
  5329 | D:5      | Reached skill level 5 in Spellcasting
  5545 | D:5      | Noticed Dowan
  5547 | D:5      | Noticed Duvessa
  6520 | D:5      | Killed Dowan
  6549 | D:5      | Killed Duvessa
  6823 | D:6      | Found a glowing golden altar of the Shining One.
  6908 | D:6      | Reached XP level 8. HP: 48/48 MP: 11/16
  6932 | D:6      | Learned a level 5 spell: Lee's Rapid Deconstruction
  7010 | D:6      | Reached skill level 1 in Armour
  7021 | D:6      | Found a staircase to the Ecumenical Temple.
  7036 | Temple   | Entered the Ecumenical Temple
  7207 | Temple   | Became a worshipper of Vehumet
  7323 | D:6      | Reached skill level 1 in Conjurations
  7974 | D:7      | Reached XP level 9. HP: 52/52 MP: 15/18
  8127 | D:7      | Reached * piety under Vehumet
  8127 | D:7      | Offered knowledge of Foxfire by Vehumet.
  8243 | D:7      | Reached skill level 5 in Armour
  8484 | D:7      | Learned a level 2 spell: Blink
  8487 | D:7      | Learned a level 2 spell: Passwall
  8525 | D:8      | Reached skill level 10 in Earth Magic
  8679 | D:8      | Noticed Erica
  8724 | D:8      | Killed Erica
  8724 | D:8      | Noticed a troll
  8725 | D:8      | Reached XP level 10. HP: 37/56 MP: 2/20
  8789 | D:8      | Reached ** piety under Vehumet
  8789 | D:8      | Offered knowledge of Shock by Vehumet.
  8792 | D:8      | Found a staircase to the Lair.
  9131 | D:8      | Found a white marble altar of Elyvilon.
  9694 | D:9      | Found a staircase to the Orcish Mines.
  9718 | D:9      | Noticed a two-headed ogre
  9729 | D:9      | Killed a two-headed ogre
  9738 | D:9      | Offered knowledge of Static Discharge by Vehumet.
  9877 | D:9      | Noticed a two-headed ogre
  9878 | D:9      | Reached *** piety under Vehumet
  9880 | D:9      | Reached skill level 10 in Armour
  9884 | D:9      | Killed a two-headed ogre
  9885 | D:9      | Reached XP level 11. HP: 54/60 MP: 5/21
 10240 | D:9      | Offered knowledge of Fulminant Prism by Vehumet.
 10353 | D:9      | Found a faded altar of an unknown god.
 10359 | D:9      | Found a faded altar of an unknown god.
 10361 | D:9      | Found an opulent altar of Gozag.
 10363 | D:9      | Found a broken altar of Ashenzari.
 10714 | D:10     | Entered Level 10 of the Dungeon
 10737 | D:10     | Gained mutation: You are dopey. (Int -2) [potion of
                  | mutation]
 10737 | D:10     | Gained mutation: Your muscles are strong. (Str +2) [potion
                  | of mutation]
 10737 | D:10     | Gained mutation: You expend magic power (3 MP) to
                  | strengthen your wands. [potion of mutation]
 10738 | D:10     | Lost mutation: You are dopey. (Int -2) [potion of mutation]
 10738 | D:10     | Lost mutation: Your muscles are strong. (Str +2) [potion of
                  | mutation]
 10738 | D:10     | Lost mutation: You expend magic power (3 MP) to strengthen
                  | your wands. [potion of mutation]
 10738 | D:10     | Gained mutation: You are partially covered in yellow
                  | scales. (AC +2) [potion of mutation]
 10738 | D:10     | Gained mutation: You are agile. (Dex +2) [potion of
                  | mutation]
 10738 | D:10     | Gained mutation: You expend magic power (3 MP) to
                  | strengthen your wands. [potion of mutation]
 11178 | D:10     | You fall into a shaft and drop 2 floors!
 11206 | D:12     | Reached skill level 5 in Fighting
 11427 | D:11     | Reached **** piety under Vehumet
 11429 | D:11     | Noticed a boulder beetle
 11439 | D:11     | Noticed a boulder beetle
 11548 | D:11     | Offered knowledge of Dazzling Flash by Vehumet.
 11558 | D:11     | Learned a level 5 spell: Metabolic Englaciation
 12156 | D:11     | Killed a boulder beetle
 12157 | D:11     | Reached XP level 12. HP: 57/68 MP: 8/25
 12231 | D:11     | Reached skill level 10 in Spellcasting
 12278 | D:11     | Killed a boulder beetle
 12542 | D:11     | Noticed a four-headed hydra
 12559 | D:11     | Killed a four-headed hydra
 12559 | D:11     | Reached ***** piety under Vehumet
 12759 | D:11     | Offered knowledge of Starburst by Vehumet.
 12767 | D:11     | Learned a level 6 spell: Starburst
 13101 | D:12     | Reached skill level 1 in Fire Magic
 13417 | D:12     | Noticed a four-headed hydra
 13428 | D:12     | Killed a four-headed hydra
 13640 | D:12     | Noticed a boulder beetle
 13651 | D:12     | Killed a boulder beetle
 14191 | D:12     | Reached skill level 5 in Fire Magic
 14675 | D:12     | Learned a level 5 spell: Fireball
 14901 | D:13     | Reached XP level 13. HP: 73/73 MP: 22/27
 14962 | D:13     | Slain by a titanic slime creature

Illustrated notes

Levels and vault maps discovered:
D:1:      evilmike_arrival_home_sweet_home, layout_loops_ring
D:2:      layout_basic
D:3:      layout_basic, lemuel_coloured_pillars_altar
D:4:      layout_gridville, kennysheep_mini_moat, kennysheep_small_circle
D:5:      kennysheep_big_flooded_room, layout_loops_corners,
          minmay_statues_item, minmay_manual_mail, uniq_duvessa
D:6:      layout_rooms, minmay_temple_entry_slanted, basic_altar
D:7:      layout_loops_ring
D:8:      layout_loops_ring, elyvilon_altar_4, erik_lair_island, uniq_erica
D:9:      layout_irregular_city, chequers_temple_overflow_minitemple,
          orc_0_dummy, grunt_ministairs_15, hangedman_decor_peaks_small,
          grunt_decor_fettered
D:10:     layout_irregular_city, lemuel_statue_altar
D:11:     layout_loops_ring, minmay_checkerbox
D:12:     layout_gridville, special_room [special_room_orc], bh_circular_ruins
D:13:     layout_roguey, erik_vaults_2, serial_curves, eino_curves_01,
          eino_curves_04, uniq_snorg
Temple:   nicolae_temple_elliptical

Skill      XL: |  1  2  3  4  5  6  7  8  9 10 11 12 |
---------------+-------------------------------------+-----
Earth Magic    | 4 5 6 7 9 11 14 | 14.5
Fighting       | 1 2 3 5 |  5.5
Spellcasting   | 3 4 5 6 7 9 10 | 10.8
Armour         | 4 7 10 12 14 | 14.8
Conjurations   | 1 |  1.0
Fire Magic     | 6 |  6.1
Dodging        | |  1.5
Stealth        | |  2.1
Transmutations | |  0.7

Action                   |  1- 3 |  4- 6 |  7- 9 | 10-12 | 13-15 || total
-------------------------+-------+-------+-------+-------+-------++-------
Melee: Short sword       |     9 |       |       |       |       ||     9
       Club              |    59 |       |       |       |       ||    59
       Long sword        |     6 |    77 |   104 |   295 |     1 ||   483
 Cast: Sandblast         |    34 |    20 |    62 |   162 |       ||   278
       Stone Arrow       |       |     5 |    12 |   121 |    15 ||   153
       Lee's Rapid Decon |       |       |     4 |    32 |       ||    36
       Petrify           |       |       |     2 |     3 |       ||     5
  Use: Scroll            |     4 |     3 |     5 |     8 |       ||    20
       Potion            |       |       |       |     9 |       ||     9
 Stab: Sleeping          |     2 |     1 |     1 |     2 |       ||     6
       Distracted        |       |     1 |       |       |       ||     1
Armor: Robe              |    29 |    42 |    80 |    65 |       ||   216
       Acid dragon scale |       |       |       |   263 |     1 ||   264
       Leather armour    |       |       |       |    12 |       ||    12
Dodge: Dodged            |    59 |    90 |   172 |   389 |     1 ||   711
       Rpst.: Long sword |     2 |    39 |    41 |   111 |       ||   193

Table legend: (Time is in decaauts)
 A = Elapsed time spent in this place.
 B = Non-inter-level travel time spent in this place.
 C = Inter-level travel time spent in this place.
 D = Time resting spent in this place.
 E = Time spent auto-exploring this place.
 F = Levels seen in this place.
 G = Mean time per level.
                   A        B        C        D        E       F      G
               +--------+--------+--------+--------+--------+-----+--------+
         Total |  15172 |  14780 |    392 |   3924 |   7972 |  14 | 1083.7 |
       Dungeon |  14987 |  14620 |    367 |   3924 |   7830 |  13 | 1152.8 |
        Temple |    184 |    159 |     25 |      0 |    142 |   1 |  184.0 |
               +--------+--------+--------+--------+--------+-----+--------+

Top non-repeatable levels by time:
     D:5: 2108 daAuts
    D:12: 1880 daAuts
    D:11: 1739 daAuts
     D:3: 1334 daAuts
     D:1: 1290 daAuts
     D:8: 1200 daAuts
     D:2: 1108 daAuts
     D:9: 1072 daAuts
     D:4: 972 daAuts
     D:7: 886 daAuts
     D:6: 703 daAuts
    D:10: 438 daAuts
    D:13: 252 daAuts
  Temple: 184 daAuts
